APL (24 & UNDER)
KENOSHA KINGFISH @ EL PASO TEXANS
05/18/2030
 
TOP OF THE 1ST
Kenosha Kingfish batting - Pitching for El Paso Texans : RHP Mike Church
Pitching: RHP Mike Church
Batting: LHB Pat Williams 0-0: Called Strike
0-1: Bunt for hit - play at first, batter safe!
Batting: RHB Juan Escalante 0-0: Called Strike
0-1: Ball
1-1: Swinging Strike
1-2: Ball
2-2: Strikes out swinging
Batting: LHB Juan Rodríguez 0-0: Foul Ball, location: 2F
0-1: Foul Ball, location: 2F
0-2: Ball
Pat Williams steals 2nd base
1-2: Foul Ball, location: 2F
1-2: Ball
2-2: Ground out 1-3 (Groundball, 15S)
Batting: LHB Justin McCoy 0-0: Ball
1-0: Called Strike
1-1: Called Strike
1-2: Ball
2-2: Foul Ball, location: 2F
2-2: SINGLE (Groundball, 4D)
Pat Williams to third
Runner from 3rd tries for Home, SAFE, no throw
Batting: RHB Millard Ferguson 0-0: Called Strike
0-1: Ball
1-1: Called Strike
1-2: SINGLE (Line Drive, 6D)
Justin McCoy to second
Batting: LHB Harry Davis 0-0: Ball
1-0: Swinging Strike
1-1: Called Strike
1-2: Foul Ball, location: 2F
1-2: DOUBLE (Line Drive, 78D)
Justin McCoy scores
Millard Ferguson to third
Batting: RHB Vicente Rosales 0-0: Ball
1-0: Foul Ball, location: 2F
1-1: Fly out, F8 (Flyball, 8LM)
Top of the 1st over - 2 runs, 4 hits, 0 errors, 2 left on base; Kenosha 2 - El Paso 0
BOTTOM OF THE 1ST
El Paso Texans batting - Pitching for Kenosha Kingfish : LHP Howard Sigurdson
Pitching: LHP Howard Sigurdson
Batting: LHB Mark Spencer 0-0: Fly out, F7 (Flyball, 7)
Batting: RHB Cole Boehmer 0-0: Called Strike
0-1: Called Strike
0-2: Fly out, F3 (Popup, 3)
Batting: SHB Richie Gallegos 0-0: Foul Ball, location: 2F
0-1: Ball
1-1: Called Strike
1-2: Ball
2-2: Strikes out looking
Bottom of the 1st over - 0 runs, 0 hits, 0 errors, 0 left on base; Kenosha 2 - El Paso 0
TOP OF THE 2ND
Kenosha Kingfish batting - Pitching for El Paso Texans : RHP Mike Church
Batting: RHB Fernando Martínez 0-0: Called Strike
0-1: Ball
1-1: Ball
2-1: SINGLE (Groundball, 3S) (infield hit)
Batting: SHB José Ayala 0-0: Swinging Strike
0-1: Ground out U3 (Groundball, 34S)
Fernando Martínez to second
Batting: LHB Pat Williams 0-0: Ball
1-0: Foul Ball, location: 2F
1-1: Ball
2-1: Foul Ball, location: 2F
2-2: SINGLE (Groundball, 4MD)
Fernando Martínez to third
Pitching: LHP Carlos Hernández
Batting: RHB Juan Escalante 0-0: Called Strike
0-1: Ball
1-1: Ball
2-1: Called Strike
2-2: Grounds into double play, 5-4-3 (Groundball, 5)
Top of the 2nd over - 0 runs, 2 hits, 0 errors, 1 left on base; Kenosha 2 - El Paso 0
BOTTOM OF THE 2ND
El Paso Texans batting - Pitching for Kenosha Kingfish : LHP Howard Sigurdson
Batting: RHB Domingo Morales 0-0: Ball
1-0: Swinging Strike
1-1: Ball
2-1: Ground out 5-3 (Groundball, 56)
Batting: RHB Jim MacAchounich 0-0: Foul Ball, location: 2F
0-1: Called Strike
0-2: Strikes out swinging
Batting: SHB Oliver Riley 0-0: Ball
1-0: Foul Ball, location: 2F
1-1: Foul Ball, location: 2F
1-2: Foul Ball, location: 2F
1-2: Ball
2-2: Foul Ball, location: 2F
2-2: SINGLE (Groundball, 56S) (infield hit)
Batting: LHB John Fitzgerald 0-0: Ball
1-0: Swinging Strike
1-1: Ball
2-1: Ground out 1-3 (Groundball, 13S)
Bottom of the 2nd over - 0 runs, 1 hit, 0 errors, 1 left on base; Kenosha 2 - El Paso 0
TOP OF THE 3RD
Kenosha Kingfish batting - Pitching for El Paso Texans : LHP Carlos Hernández
Batting: LHB Juan Rodríguez 0-0: Swinging Strike
0-1: Foul Ball, location: 2F
0-2: Ball
1-2: Strikes out looking
Batting: LHB Justin McCoy 0-0: Ball
1-0: Ball
2-0: Foul Ball, location: 2F
2-1: Ground out 4-3 (Groundball, 4)
Batting: RHB Millard Ferguson 0-0: Ball
1-0: Called Strike
1-1: Swinging Strike
1-2: Strikes out swinging
Top of the 3rd over - 0 runs, 0 hits, 0 errors, 0 left on base; Kenosha 2 - El Paso 0
BOTTOM OF THE 3RD
El Paso Texans batting - Pitching for Kenosha Kingfish : LHP Howard Sigurdson
Batting: RHB Gabriel Santana 0-0: Called Strike
0-1: Fly out, F8 (Flyball, 8LM)
Batting: SHB Miguel Hurtado 0-0: Ball
1-0: Ball
2-0: Ball
3-0: Called Strike
3-1: Swinging Strike
3-2: Foul Ball, location: 2F
3-2: Base on Balls
Batting: LHB Mark Spencer 0-0: Swinging Strike
0-1: Called Strike
0-2: Ball
1-2: Ball
2-2: Foul Ball, location: 2F
2-2: Ball
3-2: Strikes out swinging
Batting: RHB Cole Boehmer 0-0: Ball
Passed Ball!
Miguel Hurtado to second
1-0: Called Strike
1-1: Foul Ball, location: 2F
1-2: Ball
2-2: Foul Ball, location: 2F
2-2: Foul Ball, location: 2F
2-2: Foul Ball, location: 2F
2-2: Foul Ball, location: 2F
2-2: Foul Ball, location: 2F
2-2: Ball
3-2: Foul Ball, location: 2F
3-2: Foul Ball, location: 2F
3-2: Fly out, F8 (Flyball, 8LM)
Bottom of the 3rd over - 0 runs, 0 hits, 0 errors, 1 left on base; Kenosha 2 - El Paso 0
TOP OF THE 4TH
Kenosha Kingfish batting - Pitching for El Paso Texans : LHP Carlos Hernández
Batting: LHB Harry Davis 0-0: Ball
1-0: Foul Ball, location: 2F
1-1: Foul Ball, location: 2F
1-2: Ball
2-2: Ball
3-2: Strikes out swinging
Batting: RHB Vicente Rosales 0-0: Fly out, F9 (Flyball, 9LM)
Batting: RHB Fernando Martínez 0-0: Swinging Strike
0-1: Ball
1-1: Ball
2-1: Swinging Strike
2-2: Strikes out looking
Top of the 4th over - 0 runs, 0 hits, 0 errors, 0 left on base; Kenosha 2 - El Paso 0
BOTTOM OF THE 4TH
El Paso Texans batting - Pitching for Kenosha Kingfish : LHP Howard Sigurdson
Batting: SHB Richie Gallegos 0-0: Called Strike
0-1: Swinging Strike
0-2: Ball
1-2: Fly out, F4 (Popup, 4D)
Batting: RHB Domingo Morales 0-0: Called Strike
0-1: Foul Ball, location: 2F
0-2: Foul Ball, location: 2F
0-2: Ball
1-2: Foul Ball, location: 2F
1-2: Ball
2-2: DOUBLE (Line Drive, 78XD)
Batting: RHB Jim MacAchounich 0-0: Ball
1-0: Ball
2-0: Ball
3-0: Base on Balls
Batting: SHB Oliver Riley 0-0: Ball
1-0: Foul Ball, location: 2F
1-1: Ball
2-1: Foul Ball, location: 2F
2-2: Strikes out swinging
Batting: LHB John Fitzgerald 0-0: Ball
1-0: Foul Ball, location: 2F
1-1: Fielders Choice at 2nd, 6-4 (Groundball, 6)
Bottom of the 4th over - 0 runs, 1 hit, 0 errors, 2 left on base; Kenosha 2 - El Paso 0
TOP OF THE 5TH
Kenosha Kingfish batting - Pitching for El Paso Texans : LHP Carlos Hernández
Batting: SHB José Ayala 0-0: Ball
1-0: Ball
2-0: Ball
3-0: Called Strike
3-1: Called Strike
3-2: Base on Balls
Batting: LHB Pat Williams 0-0: Ball
1-0: Ball
2-0: Ball
3-0: Base on Balls
José Ayala to second
Batting: RHB Juan Escalante 0-0: Called Strike
0-1: Ball
1-1: Called Strike
1-2: Ball
2-2: Foul Ball, location: 2F
2-2: Ball
3-2: Strikes out swinging
Batting: LHB Juan Rodríguez 0-0: Swinging Strike
0-1: Foul Ball, location: 2F
0-2: Strikes out swinging
Batting: LHB Justin McCoy 0-0: Ball
Wild Pitch!
José Ayala to third
Pat Williams to second
1-0: Ground out U3 (Groundball, 3L)
Top of the 5th over - 0 runs, 0 hits, 0 errors, 2 left on base; Kenosha 2 - El Paso 0
BOTTOM OF THE 5TH
El Paso Texans batting - Pitching for Kenosha Kingfish : LHP Howard Sigurdson
Batting: RHB Gabriel Santana 0-0: Foul Ball, location: 2F
0-1: Ball
1-1: Ball
2-1: Ball
3-1: Base on Balls
Batting: SHB Miguel Hurtado 0-0: Ball
1-0: Ball
2-0: Called Strike
2-1: Ball
3-1: Called Strike
3-2: Ground out 4-3 (Groundball, 4S)
Gabriel Santana to second
Batting: LHB Mark Spencer 0-0: Ball
1-0: Called Strike
1-1: Ball
2-1: Foul Ball, location: 2F
2-2: Ball
3-2: Foul Ball, location: 2F
3-2: Base on Balls
Batting: RHB Cole Boehmer 0-0: Swinging Strike
0-1: Called Strike
0-2: Ball
1-2: Ball
2-2: Ball
3-2: Fly out, F7 (Flyball, 78S)
Pitching: RHP Steve Harris
Batting: SHB Richie Gallegos 0-0: Ball
1-0: Ball
2-0: Called Strike
2-1: Swinging Strike
2-2: Fielders Choice at 2nd, 6-4 (Groundball, 6)
Bottom of the 5th over - 0 runs, 0 hits, 0 errors, 2 left on base; Kenosha 2 - El Paso 0
TOP OF THE 6TH
Kenosha Kingfish batting - Pitching for El Paso Texans : LHP Carlos Hernández
Batting: RHB Millard Ferguson 0-0: Ball
1-0: Called Strike
1-1: Foul Ball, location: 2F
1-2: Ball
2-2: Ball
3-2: Strikes out swinging
Batting: LHB Harry Davis 0-0: Ball
1-0: SINGLE (Flyball, 78M)
Batting: RHB Vicente Rosales 0-0: Called Strike
0-1: Ball
1-1: Ball
2-1: Ball
3-1: 2-RUN HOME RUN (Flyball, 7LD), Distance : 383 ft
Pitching: RHP Carlos Longoria
Batting: RHB Fernando Martínez 0-0: Foul Ball, location: 2F
0-1: Called Strike
0-2: Strikes out swinging
Batting: SHB José Ayala 0-0: Called Strike
0-1: Swinging Strike
0-2: Ball
1-2: Foul Ball, location: 2F
1-2: Ground out U3 (Groundball, 3S)
Top of the 6th over - 2 runs, 2 hits, 0 errors, 0 left on base; Kenosha 4 - El Paso 0
BOTTOM OF THE 6TH
El Paso Texans batting - Pitching for Kenosha Kingfish : RHP Steve Harris
Batting: RHB Domingo Morales 0-0: Foul Ball, location: 2F
0-1: Ball
1-1: Ball
2-1: Ball
3-1: Foul Ball, location: 2F
3-2: SINGLE (Groundball, 4D)
Batting: RHB Jim MacAchounich 0-0: Ball
1-0: Ball
2-0: Called Strike
2-1: Foul Ball, location: 2F
2-2: Ball
3-2: Foul Ball, location: 2F
3-2: Base on Balls
Domingo Morales to second
Batting: SHB Oliver Riley 0-0: Ball
Domingo Morales is caught stealing 3rd base
Jim MacAchounich to second
1-0: Swinging Strike
1-1: Foul Ball, location: 2F
1-2: Ball
2-2: Ball
3-2: Foul Ball, location: 2F
3-2: Strikes out looking
Batting: LHB John Fitzgerald 0-0: Foul Ball, location: 2F
Balk!
Jim MacAchounich to third
0-1: Ball
1-1: Fly out, F9 (Flyball, 9)
Bottom of the 6th over - 0 runs, 1 hit, 0 errors, 1 left on base; Kenosha 4 - El Paso 0
TOP OF THE 7TH
Kenosha Kingfish batting - Pitching for El Paso Texans : RHP Carlos Longoria
Batting: LHB Pat Williams 0-0: Called Strike
0-1: Foul Ball, location: 2F
0-2: Ground out 6-3 (Groundball, 6)
Batting: RHB Juan Escalante 0-0: Ground out 5-3 (Groundball, 56)
Batting: LHB Juan Rodríguez 0-0: Ball
1-0: Called Strike
1-1: Ball
2-1: Foul Ball, location: 2F
2-2: Ground out 4-3 (Groundball, 4)
Top of the 7th over - 0 runs, 0 hits, 0 errors, 0 left on base; Kenosha 4 - El Paso 0
BOTTOM OF THE 7TH
El Paso Texans batting - Pitching for Kenosha Kingfish : RHP Steve Harris
Batting: RHB Gabriel Santana 0-0: Ball
1-0: Foul Ball, location: 2F
1-1: Ball
2-1: Reached on error, E6 (Groundball, 56)
Batting: SHB Miguel Hurtado 0-0: Ball
1-0: Ground out 4-3 (Groundball, 4)
Gabriel Santana to third
Batting: LHB Mark Spencer 0-0: Foul Ball, location: 2F
0-1: Ball
1-1: Ball
2-1: Fly out, F9 (Line Drive, 9S)
Runner from 3rd tags up, SCORES, no throw
Batting: RHB Cole Boehmer 0-0: Ball
1-0: Foul Ball, location: 2F
1-1: Foul Ball, location: 2F
1-2: Fly out, F9 (Flyball, 9)
Bottom of the 7th over - 1 run, 0 hits, 1 error, 0 left on base; Kenosha 4 - El Paso 1
TOP OF THE 8TH
Kenosha Kingfish batting - Pitching for El Paso Texans : RHP Carlos Longoria
Batting: LHB Justin McCoy 0-0: Called Strike
0-1: Ball
1-1: Ball
2-1: Ball
3-1: Base on Balls
Batting: RHB Millard Ferguson 0-0: Foul Ball, location: 2F
0-1: Ball
Justin McCoy steals 2nd base
1-1: Intentional Walk
Batting: LHB Harry Davis 0-0: Foul Ball, location: 2F
0-1: Foul Ball, location: 2F
0-2: Ball
1-2: Ball
2-2: Ball
3-2: Foul Ball, location: 2F
3-2: Grounds into double play, 4-6-3 (Groundball, 4)
Justin McCoy to third
Batting: RHB Vicente Rosales 0-0: Called Strike
0-1: Called Strike
0-2: Ball
1-2: Strikes out swinging
Top of the 8th over - 0 runs, 0 hits, 0 errors, 1 left on base; Kenosha 4 - El Paso 1
BOTTOM OF THE 8TH
El Paso Texans batting - Pitching for Kenosha Kingfish : RHP Steve Harris
Batting: SHB Richie Gallegos 0-0: Foul Ball, location: 2F
0-1: Ball
1-1: Foul Ball, location: 2F
1-2: Ball
2-2: Strikes out swinging
Batting: RHB Domingo Morales 0-0: Called Strike
0-1: Foul Ball, location: 2F
0-2: Strikes out swinging
Batting: RHB Jim MacAchounich 0-0: Ball
1-0: Foul Ball, location: 2F
1-1: Ball
2-1: Swinging Strike
2-2: Ball
3-2: Base on Balls
Batting: SHB Oliver Riley 0-0: Foul Ball, location: 2F
0-1: Fly out, F8 (Flyball, 8LS)
Bottom of the 8th over - 0 runs, 0 hits, 0 errors, 1 left on base; Kenosha 4 - El Paso 1
TOP OF THE 9TH
Kenosha Kingfish batting - Pitching for El Paso Texans : RHP Carlos Longoria
Batting: RHB Fernando Martínez 0-0: Ball
1-0: Ball
2-0: Ball
3-0: Called Strike
3-1: Foul Ball, location: 2F
3-2: Strikes out swinging
Batting: SHB José Ayala 0-0: Called Strike
0-1: Ball
1-1: Ball
2-1: Ball
3-1: Base on Balls
Batting: LHB Pat Williams 0-0: Ball
1-0: Ball
2-0: Ball
3-0: Called Strike
3-1: Base on Balls
José Ayala to second
Batting: RHB Juan Escalante 0-0: Ball
1-0: Foul Ball, location: 2F
1-1: Foul Ball, location: 2F
1-2: Grounds into double play, 6-4-3 (Groundball, 6)
Top of the 9th over - 0 runs, 0 hits, 0 errors, 1 left on base; Kenosha 4 - El Paso 1
BOTTOM OF THE 9TH
El Paso Texans batting - Pitching for Kenosha Kingfish : RHP Steve Harris
Batting: LHB John Fitzgerald 0-0: Ball
1-0: Ball
2-0: Foul Ball, location: 2F
2-1: DOUBLE (Line Drive, 7LM)
Pitching: RHP Pablo Suárez
Batting: RHB Gabriel Santana 0-0: Fly out, F8 (Flyball, 8RD)
Batting: SHB Miguel Hurtado 0-0: Called Strike
0-1: Foul Ball, location: 2F
0-2: Foul Ball, location: 2F
0-2: Ball
Wild Pitch!
John Fitzgerald to third
1-2: Ball
2-2: Foul Ball, location: 2F
2-2: Ball
3-2: Fly out, F7 (Flyball, 78M)
Runner from 3rd tags up, SCORES, no throw
Batting: LHB Mark Spencer 0-0: Ball
1-0: Fly out, F9 (Flyball, 89D)
Bottom of the 9th over - 1 run, 1 hit, 0 errors, 0 left on base; Kenosha 4 - El Paso 2
Saturday, April 7th, 2018 - OOTP Baseball 18.8 Build 76